 Dungeon Crawl Stone Soup version 0.24-a0-291-g79c1ce7 (webtiles) character file.

Game seed: 12499367318907097891

90 frenix the Caller (level 4, -1/30 HPs)
             Began as a Demonspawn Summoner on May 9, 2019.
             Slain by Sigmund
             ... wielding a +0 scythe
              (5 damage)
             ... on level 3 of the Dungeon.
             The game lasted 00:15:44 (3008 turns).

frenix the Caller (Demonspawn Summoner)             Turns: 3008, Time: 00:15:45

Health: -1/30      AC: 11    Str:  9    XL:     4   Next: 32%
Magic:  3/10       EV: 12    Int: 17    God:
Gold:   80         SH:  0    Dex: 13    Spells: 5/11 levels left

rFire    . . .     SeeInvis .   g - +0 dagger (drain)
rCold    . . .     Gourm    .   (no shield)
rNeg     . . .     Faith    .   a - +0 robe
rPois    .         Spirit   .   (no helmet)
rElec    .         Reflect  .   (no cloak)
rCorr    .         Harm     .   (no gloves)
MR       .....                  (no boots)
Stlth    ++........             (no amulet)
HPRegen  0.10/turn              (no ring)
MPRegen  0.12/turn              (no ring)

@: sanguine armour
A: rot immunity, sanguine armour 2
a: no special abilities


You were on level 3 of the Dungeon.
You were not hungry.

You visited 1 branch of the dungeon, and saw 3 of its levels.

You collected 80 gold pieces.

Inventory:

Hand Weapons
 b - a -1 dagger
 g - a +0 dagger of draining (weapon)
 k - a +0 vampiric dagger
Armour
 a - a +0 robe (worn)
Jewellery
 h - an uncursed ring of protection from cold {unknown}
Scrolls
 d - a scroll of remove curse
 f - 2 scrolls of identify
 i - a scroll of enchant weapon {unknown}


   Skills:
 - Level 0.5 Short Blades
 - Level 1.8 Dodging
 - Level 1.7 Stealth
 + Level 4.0 Spellcasting
 - Level 4.2 Summonings


You had 5 spell levels left.
You knew the following spells:

 Your Spells              Type           Power        Failure   Level  Hunger
a - Summon Small Mammal   Summ           ###.         2%          1    None
d - Call Canine Familiar  Summ           ###.....     9%          3    ###....
s - Call Imp              Summ           ###.....     4%          2    ##.....

Your spell library contained the following spells:

 Spells                   Type           Power        Failure   Level  Hunger
 Summon Guardian Golem    Hex/Summ       ##......     21%         3    ###....
 Summon Ice Beast         Ice/Summ       ##......     54%         4    ####...
 Summon Lightning Spire   Summ/Air       ##......     54%         4    ####...


Dungeon Overview and Level Annotations

Branches:
Dungeon (3/15)

Altars:


Innate Abilities, Weirdness & Mutations

You are immune to rotting.
When seriously injured, your bleeding wounds create thick armour. (AC +9)


Message History

Something hits you.
* * * LOW HITPOINT WARNING * * *
You feel better.
The jackal bites you but does no damage.
Something hits you but does no damage.
The jackal bites you but does no damage.
You hit the jackal but do no damage. You drain the jackal.
The jackal is almost dead.
Your crimson imp disappears in a puff of smoke!
Your crimson imp hits the jackal.
The jackal dies!
Your Spellcasting skill increases to level 4!
You start resting.
Something hits you.
* * * LOW HITPOINT WARNING * * *
You start resting.
Something hits you.
* * * LOW HITPOINT WARNING * * *
There is a stone staircase leading up here.
Something hits you.
You die...

..#######
.......@#
..#####5#
#####.# #.....#
#.###)#
...............
o##.##..#.#####
.....# ..... #


You could see a friendly crimson imp.

Vanquished Creatures
  An adder (D:2)
  An orc (D:3)
  2 goblins
  3 hobgoblins (D:1)
  2 jackals (D:3)
  A kobold (D:2)
  4 bats
  A frilled lizard (D:1)
  3 rats
18 creatures vanquished.

Vanquished Creatures (collateral kills)
  A crimson imp (D:2)
  Jessica (D:2)
  A worker ant (D:3)
  An adder (D:2)
  A dart slug (D:1)
  A leopard gecko (D:2)
  4 bats (D:2)
  3 goblins (D:2)
  4 hobgoblins
  2 jackals (D:3)
  2 frilled lizards
  2 kobolds
  A rat (D:2)
24 creatures vanquished.

Grand Total: 42 creatures vanquished

Notes
Turn   | Place    | Note
-------+----------+-------------------------------------------
     0 | D:1      | frenix the Demonspawn Summoner began the quest for the Orb.
     0 | D:1      | Reached XP level 1. HP: 13/13 MP: 3/3
   709 | D:1      | Gained mutation: When seriously injured, your bleeding
                  | wounds create armour. (AC +9) [demonic ancestry]
   709 | D:1      | Reached XP level 2. HP: 16/19 MP: 0/5
   869 | D:1      | Learned a level 2 spell: Call Imp
  1512 | D:2      | Noticed a crimson imp
  1518 | D:2      | Noticed Jessica
  1530 | D:2      | Killed Jessica
  1530 | D:2      | Gained mutation: You are immune to rotting. [demonic
                  | ancestry]
  1530 | D:2      | Reached XP level 3. HP: 24/24 MP: 1/7
  2288 | D:2      | Gained mutation: When seriously injured, your bleeding
                  | wounds create thick armour. (AC +9) [demonic ancestry]
  2288 | D:2      | Reached XP level 4. HP: 29/30 MP: 9/9
  2293 | D:2      | Learned a level 3 spell: Call Canine Familiar
  3008 | D:3      | Slain by Sigmund

Levels and vault maps discovered:
D:1:      lemuel_arrival_hallway, layout_loops_cross, corner_web_ring
D:2:      layout_basic, uniq_jessica
D:3:      layout_basic, first_ration, uniq_sigmund

Skill      XL: |  1  2  3  4 |
---------------+-------------+-----
Spellcasting   | 3 4 |  4.0
Short Blades   | |  0.5
Dodging        | |  1.8
Stealth        | |  1.7
Summonings     | |  4.2

Action                   |  1- 3 |  4- 6 || total
-------------------------+-------+-------++-------
Melee: Dagger            |    94 |    14 ||   108
 Cast: Summon Small Mamm |    41 |     1 ||    42
       Call Imp          |    28 |     7 ||    35
       Call Canine Famil |       |     4 ||     4
  Use: Scroll            |     5 |       ||     5
       Potion            |       |     1 ||     1
  Eat: Chunk             |     2 |     2 ||     4
       Ration            |     1 |     1 ||     2
Armor: Robe              |    27 |     9 ||    36
Dodge: Dodged            |    71 |     9 ||    80

Table legend:
 A = Non-vault XP
 B = Vault XP
 C = Vault XP percentage of total XP
 D = Non-vault monster count
 E = Vault monster count
 F = Vault count percentage of total count
                 A         B        C        D         E       F
            +---------+---------+-------+---------+---------+-------
      Total |     110 |      19 |  14.7 |      41 |       1 |   2.4
            +---------+---------+-------+---------+---------+-------
        D:1 |      22 |       0 |   0.0 |      16 |       0 |   0.0
        D:2 |      59 |      19 |  24.4 |      18 |       1 |   5.3
        D:3 |      29 |       0 |   0.0 |       7 |       0 |   0.0
            +---------+---------+-------+---------+---------+-------
